 Dungeon Crawl Stone Soup version 0.24.0-1-gfbc8707 (webtiles) character file.

Game seed: 9897524362693227783, levelgen mode: deterministic

19640 Blackhawk the Blocker (level 12, -1/80 HPs)
             Began as a Gargoyle Fighter on Nov 8, 2019.
             Was a High Priest of Makhleb.
             Slain by a harpy (12 damage)
             ... summoned by Kirke
             ... on level 12 of the Dungeon.
             The game lasted 00:28:43 (15082 turns).

Blackhawk the Blocker (Gargoyle Fighter)           Turns: 15082, Time: 00:28:43

Health: -1/80      AC:  0    Str: 24    XL:     12   Next: 71%
Magic:  14/14      EV: 13    Int:  9    God:    Makhleb [*****.]
Gold:   592        SH:  0    Dex: 10    Spells: 11/11 levels left

rFire    . . .     SeeInvis .   (weapon currently unavailable)
rCold    . . .     Gourm    .   (shield currently unavailable)
rNeg     + . .     Faith    .   (armour currently unavailable)
rPois    ∞         Spirit   .   (helmet currently unavailable)
rElec    .         Reflect  .   (cloak currently unavailable)
rCorr    .         Harm     .   (gloves currently unavailable)
MR       .....                  (boots currently unavailable)
Stlth    +.........             (no amulet)
HPRegen  0.23/turn              (ring currently unavailable)
MPRegen  0.14/turn              (ring currently unavailable)

@: pig-form, very quick
A: small, negative energy resistance 1, petrification resistance, rot immunity,
AC +8
a: Minor Destruction, Lesser Servant of Makhleb, Major Destruction, Greater
Servant of Makhleb, Renounce Religion


You were on level 12 of the Dungeon.
You worshipped Makhleb.
Makhleb was extremely pleased with you.
You were not hungry.
You were a filthy swine.
You visited 2 branches of the dungeon, and saw 13 of its levels.

You collected 622 gold pieces.
You spent 30 gold pieces at shops.

Inventory:

Hand Weapons
 a - the +5 whip "Peuwed" (melded) {freeze, +Blink rPois}
   (You found it on level 12 of the Dungeon)

   It has been specially enchanted to freeze those struck by it, causing extra
   injury to most foes and up to half again as much damage against particularly
   susceptible opponents.
   It can also slow down cold-blooded creatures.
   It protects you from poison.
   It lets you blink.
 b - a +3 hand axe
Armour
 c - a +0 shield (melded)
 n - a +0 chain mail
 q - a +0 scale mail
 t - a +2 chain mail of positive energy
 u - a +0 cloak (melded)
 v - a +0 pair of gloves (melded)
 W - a +4 chain mail (melded)
Jewellery
 g - a ring of protection from fire (melded)
 k - a ring of wizardry (melded)
 B - a +6 amulet of reflection {unknown}
 J - a cursed ring of attention {unknown}
 M - an uncursed ring of magical power {unknown}
 P - the ring "Wuethroto" {*Drain rPois Str+4 Int+4}
   (You found it on level 8 of the Dungeon)

   [ring of poison resistance]

   It affects your strength (+4).
   It affects your intelligence (+4).
   It protects you from poison.
   It causes draining when unequipped.
 V - an uncursed ring of wizardry
 Y - an uncursed ring of magical power {unknown}
Wands
 y - a wand of iceblast (16)
 C - a wand of paralysis (6)
 E - a wand of flame (30)
 I - a wand of digging (3)
 Q - a wand of disintegration (14)
 S - a wand of clouds (5)
 U - a wand of enslavement (6)
Scrolls
 h - a scroll of amnesia
 i - 4 scrolls of identify
 j - 2 scrolls of enchant weapon {unknown}
 l - 8 scrolls of teleportation
 m - 3 scrolls of fear {unknown}
 p - 5 scrolls of remove curse
 x - 2 scrolls of immolation {unknown}
 D - 2 scrolls of blinking {unknown}
 F - 2 scrolls of fog {unknown}
 H - 4 scrolls of enchant armour {unknown}
 R - a scroll of vulnerability {unknown}
Potions
 d - a potion of might
 e - 2 potions of mutation
 o - a potion of heal wounds {unknown}
 r - 3 potions of brilliance {unknown}
 s - 2 potions of magic {unknown}
 w - 2 potions of agility {unknown}
 z - 2 potions of curing
 A - 2 potions of cancellation {unknown}
 G - a potion of degeneration {unknown}
 K - 2 potions of lignification {unknown}
 L - 6 potions of berserk rage {unknown}
 O - 2 potions of invisibility {unknown}
Comestibles
 f - 14 rations
 N - 7 chunks of flesh


   Skills:
 + Level 11.6 Fighting
 + Level 9.5 Axes
 + Level 11.6 Armour
 + Level 11.6 Shields
 + Level 3.3 Invocations


You had 11 spell levels left.
You didn't know any spells.
Your spell library contained the following spells:

 Spells                   Type           Power        Failure   Level  Hunger
 Animate Skeleton         Necr           N/A          38%         1    ##.....
 Apportation              Tloc           #.....       38%         1    ##.....
 Confusing Touch          Hex            #.....       38%         1    ##.....
 Summon Small Mammal      Summ           #...         38%         1    ##.....


Dungeon Overview and Level Annotations

Branches:
Dungeon (12/15)            Temple (0/1) D:5            Lair (1/6) D:10
    Orc (0/2) D:10

Altars:
Fedhas
Gozag
Makhleb
Okawaru
Ru
Sif Muna
Trog
Uskayaw
Wu Jian
Zin
Beogh

Shops:
D:4 !=(

Annotations:
D:12 Kirke


Innate Abilities, Weirdness & Mutations

You are resistant to torment.
((Your stone body is resilient. (AC +8)))
You are immune to poison.
You resist negative energy. (rN+)
((You are resistant to electric shocks. (rElec)))
((You can survive without breathing.))
You are immune to petrification.
You are immune to rotting.


Message History

* * * LOW HITPOINT WARNING * * *
The hog bites you!
* * * LOW HITPOINT WARNING * * *
You are too injured to fight recklessly!
You are too injured to fight recklessly!
You are too injured to fight recklessly!
You are too injured to fight recklessly!
You are too injured to fight recklessly!
You are too injured to fight recklessly!
You are too injured to fight recklessly!
You are too injured to fight recklessly!
You are too injured to fight recklessly!
You are too injured to fight recklessly!
You are too injured to fight recklessly!
You are too injured to fight recklessly!
You are too injured to fight recklessly!
You are too injured to fight recklessly!
You are too injured to fight recklessly!
The harpy barely misses you. The harpy claws you!
You die...

)))# #..#............##
.#.## ##..###..#...#.#.#
.##.###.#.###..##.##.###
.###.................# .#
#####.#######...###
########.## #...#
.##.......# #...#
.##.####..######(..######
.##.####..#....Hh.......##
....##........h...........
.#..##....#...hH........#.
.#..#.....######...####.#
............# #...# ..
##.##.......# #)..# .
....#..^....# #...#
....###...######...#
###.###.......##.#######


You could see 2 harpies and 2 hogs.

Vanquished Creatures
  Erica (D:8)
  7 two-headed ogres
  3 ugly things
  A spiny frog (Lair:1)
  2 trolls (D:9)
  2 hornets
  4 slime creatures
  2 hippogriffs (D:12)
  A spriggan (D:11)
  A shadow (D:11)
  20 yaks
  A hog (D:11)
  A vampire (D:11)
  A wyvern (D:12)
  A steam dragon (D:8)
  Eustachio (D:5)
  A hungry ghost (D:9)
  3 wargs (D:10)
  Edmund (D:6)
  A water moccasin (D:10)
  6 orc warriors
  3 ice beasts
  A necrophage (D:8)
  4 phantoms
  3 sky beasts
  7 ogres
  A centaur (D:10)
  2 wolves
  A crocodile (D:8)
  3 big kobolds
  10 bullfrogs
  3 wyvern skeletons
  3 scorpions
  10 killer bees
  3 crimson imps
  3 centaur zombies
  7 hounds
  2 bullfrog zombies
  2 jellies
  2 gnoll shamans (D:5)
  12 orc priests
  A bullfrog skeleton (D:5)
  A centaur skeleton (D:8)
  2 iguanas
  7 orc wizards
  Terence (D:3)
  Jessica (D:2)
  Natasha (thrice) (D:4)
  5 worker ants
  A hound skeleton (D:4)
  A hound zombie (D:9)
  3 worker ant zombies
  10 adders
  38 gnolls (D:5)
  3 river rats (D:3)
  A shadow imp (D:9)
  4 oozes
  An adder zombie (D:5)
  4 dart slugs
  9 leopard geckos
  63 orcs
  4 ball pythons
  9 bats
  5 giant cockroaches
  6 goblins
  8 hobgoblins
  16 jackals
  6 quokkas
  7 frilled lizards
  A giant cockroach zombie (D:6)
  A jackal skeleton (D:7)
  20 kobolds
  A leopard gecko skeleton (D:6)
  8 rats
394 creatures vanquished.

Vanquished Creatures (collateral kills)
  A komodo dragon (Lair:1)
  A wolf (Lair:1)
2 creatures vanquished.

Grand Total: 396 creatures vanquished

Notes
Turn   | Place    | Note
-------+----------+-------------------------------------------
     0 | D:1      | Blackhawk the Gargoyle Fighter began the quest for the Orb.
     0 | D:1      | Reached XP level 1. HP: 14/14 MP: 1/1
   185 | D:1      | Reached XP level 2. HP: 19/19 MP: 2/2
   415 | D:1      | Reached XP level 3. HP: 23/23 MP: 3/3
   991 | D:2      | Noticed Jessica
  1034 | D:2      | Killed Jessica
  1350 | D:2      | Reached XP level 4. HP: 22/29 MP: 4/4
  1613 | D:2      | Found an opulent altar of Gozag.
  2445 | D:3      | Reached XP level 5. HP: 19/33 MP: 5/5
  2801 | D:3      | Found a faded altar of an unknown god.
  2815 | D:3      | Noticed Terence
  2839 | D:3      | Killed Terence
  3103 | D:3      | Reached XP level 6. HP: 36/39 MP: 6/6
  3385 | D:3      | Found a burning altar of Makhleb.
  3385 | D:3      | Noticed a green death
  3388 | D:3      | Noticed a hellwing
  3388 | D:3      | Noticed a smoke demon
  3390 | D:3      | Became a worshipper of Makhleb the Destroyer
  3499 | D:4      | Found Gagrone's Jewellery Shop.
  3654 | D:4      | Found a sacrificial altar of Ru.
  3747 | D:4      | Noticed Natasha
  3750 | D:4      | Killed Natasha
  3756 | D:4      | Found Gophod's Distillery.
  3758 | D:4      | Bought a potion of curing for 30 gold pieces
  3962 | D:4      | Found Iguat's Antique Weapon Shop.
  3994 | D:4      | Noticed Natasha
  4005 | D:4      | Killed Natasha
  4005 | D:4      | Reached skill level 5 in Fighting
  4005 | D:4      | Reached skill level 5 in Armour
  4116 | D:4      | Noticed Natasha
  4122 | D:4      | Killed Natasha
  4135 | D:5      | Entered Level 5 of the Dungeon
  4181 | D:5      | Reached skill level 5 in Shields
  4181 | D:5      | Reached XP level 7. HP: 44/44 MP: 7/7
  4578 | D:5      | Found a glowing silver altar of Zin.
  4647 | D:5      | Found a staircase to the Ecumenical Temple.
  4761 | D:5      | Noticed Eustachio
  4786 | D:5      | Killed Eustachio
  4859 | D:5      | Reached * piety under Makhleb
  5133 | D:5      | Reached XP level 8. HP: 51/51 MP: 8/8
  5351 | D:5      | Reached ** piety under Makhleb
  5836 | D:6      | Reached skill level 5 in Axes
  5887 | D:6      | Noticed Edmund
  5911 | D:6      | Killed Edmund
  6210 | D:6      | Found a shimmering blue altar of Sif Muna.
  6266 | D:6      | Reached XP level 9. HP: 57/57 MP: 9/9
  6277 | D:6      | Found a bloodstained altar of Trog.
  7471 | D:7      | Found an iron altar of Okawaru.
  7471 | D:7      | Found a hide-covered altar of Uskayaw.
  7476 | D:7      | Found a faded altar of an unknown god.
  7478 | D:7      | Found a blossoming altar of Fedhas.
  7480 | D:7      | Found an ornate altar of the Wu Jian Council.
  7978 | D:8      | Noticed a two-headed ogre
  7995 | D:8      | Killed a two-headed ogre
  7995 | D:8      | Reached *** piety under Makhleb
  8064 | D:8      | Reached XP level 10. HP: 64/64 MP: 10/10
  8116 | D:8      | Found a hide-covered altar of Uskayaw.
  8324 | D:8      | Noticed Erica
  8357 | D:8      | Killed Erica
  8695 | D:8      | Got a twitching platinum ring
  8814 | D:8      | Identified the ring "Wuethroto" {*Drain rPois Str+4 Int+4}
                  | (You found it on level 8 of the Dungeon)
  9140 | D:9      | Noticed a two-headed ogre
  9151 | D:9      | Killed a two-headed ogre
  9151 | D:9      | Reached **** piety under Makhleb
  9203 | D:9      | Reached XP level 11. HP: 71/71 MP: 11/11
  9290 | D:9      | Noticed a two-headed ogre
  9625 | D:9      | Noticed a two-headed ogre
  9640 | D:9      | Killed a two-headed ogre
  9929 | D:9      | Reached skill level 10 in Fighting
  9929 | D:9      | Reached skill level 10 in Armour
  9929 | D:9      | Reached skill level 10 in Shields
 10336 | D:9      | Got a blackened ring mail
 10337 | D:9      | Identified the +5 ring mail "Niyl" {rPois Str-5 Stlth+}
                  | (You found it on level 9 of the Dungeon)
 10382 | D:10     | Entered Level 10 of the Dungeon
 10515 | D:10     | Noticed a two-headed ogre
 10531 | D:10     | Killed a two-headed ogre
 10700 | D:10     | Found a staircase to the Lair.
 11261 | D:10     | Noticed an orc knight
 11944 | D:10     | Found a roughly hewn altar of Beogh.
 12181 | D:9      | Killed a two-headed ogre
 12438 | D:10     | Found a staircase to the Orcish Mines.
 12611 | D:11     | Noticed a purple ugly thing
 12637 | D:11     | Killed a purple ugly thing
 12814 | D:11     | Noticed a red ugly thing
 12836 | D:11     | Killed a red ugly thing
 12836 | D:11     | Reached XP level 12. HP: 79/79 MP: 12/12
 13150 | D:11     | Reached ***** piety under Makhleb
 13630 | D:12     | Got a jewelled whip
 13639 | D:12     | Identified the +5 whip "Peuwed" {freeze, +Blink rPois} (You
                  | found it on level 12 of the Dungeon)
 13702 | D:12     | Noticed Kirke
 14026 | Lair:1   | Entered Level 1 of the Lair of Beasts
 14041 | Lair:1   | Reached skill level 1 in Invocations
 14079 | Lair:1   | HP: 1/80 [wolf (4)]
 14853 | D:12     | Noticed a two-headed ogre
 14864 | D:12     | Killed a two-headed ogre
 14869 | D:12     | Noticed a two-headed ogre
 14894 | D:12     | Killed a two-headed ogre
 15082 | D:12     | Slain by a harpy

Levels and vault maps discovered:
D:1:      lightli_molten_gateway, layout_basic
D:2:      layout_loops_ring, grunt_gozag_statues, uniq_jessica
D:3:      layout_rooms, chequers_ecumenical_altar_simple_redux,
          portal_sewer_entry_e, makhleb_altar_promises_db, uniq_terence
D:4:      layout_loops_ring, kennysheep_mini_moat, serial_shops,
          nicolae_shop_trees, shop, shop, uniq_natasha
D:5:      lemuel_castle_with_subvaults [lemuel_castle_interior_carwin_3],
          layout_basic, lemuel_doored_altar, temple_statues, first_ration,
          uniq_eustachio
D:6:      layout_loops_corners, led_sif_pool, marbit_many_paths, minivault_26,
          uniq_edmund
D:7:      layout_basic, chequers_temple_overflow_minitemple
D:8:      layout_basic, basic_altar, uniq_erica
D:9:      layout_irregular_city, serial_co_window_serial, co_window_paths_a,
          co_window_of_opportunity_a, co_window_corner_a, co_window_corner_a,
          co_window_paths_b, co_window_unsneaky_path_b,
          co_window_unsneaky_path_c, co_window_corner_b, co_window_corner_b,
          co_window_corner_cb, co_window_paths_c, co_window_corner_b,
          glass_columns_a, glass_columns_a, glass_columns_c
D:10:     layout_basic, erik_lair_orcish_takeover, david_orc_5
D:11:     layout_gridville, the_bakery
D:12:     minmay_slanted_spiral_squares, layout_loops_cross, uniq_kirke
Lair:1:   layout_small_grid, uniq_grum

Skill      XL: |  1  2  3  4  5  6  7  8  9 10 11 12 |
---------------+-------------------------------------+-----
Axes           | 2 3 4 5 6 7 8 9 |  9.5
Armour         | 4 5 7 8 9 10 11 | 11.6
Shields        | 4 5 6 8 9 10 11 | 11.6
Fighting       | 4 5 7 8 9 10 11 | 11.6
Invocations    | 3 |  3.3

Action                   |  1- 3 |  4- 6 |  7- 9 | 10-12 || total
-------------------------+-------+-------+-------+-------++-------
Melee: War axe           |   177 |   135 |       |    51 ||   363
       Whip              |       |   180 |   727 |  1289 ||  2196
       Hand axe          |       |       |       |    15 ||    15
       Unarmed           |       |       |       |     2 ||     2
Invok: Lesser Servant of |       |       |       |     3 ||     3
  Use: Scroll            |       |     3 |       |     4 ||     7
       Potion            |       |       |       |     4 ||     4
  Eat: Chunk             |     2 |    10 |    13 |    24 ||    49
       Ration            |       |       |       |     1 ||     1
Armor: Scale mail        |    24 |       |       |       ||    24
       Chain mail        |    96 |   219 |   426 |   783 ||  1524
Dodge: Dodged            |    46 |    79 |   165 |   415 ||   705
Block: Shield            |   131 |   182 |   346 |   971 ||  1630
